 Dungeon Crawl Stone Soup version 0.28.0-53-g5a82cb258f (webtiles) character file.

Game seed: 4308999418403193933

15 Descartes the Ducker (level 2, 0/14 HPs)
             Began as a Felid Chaos Knight on July 22, 2022.
             Was a Plaything of Xom.
             Slain by a jackal (1 damage)
             ... on level 1 of the Dungeon.
             The game lasted 00:00:40 (388 turns).

Descartes the Ducker (Felid Chaos Knight)            Turns: 388, Time: 00:00:41

Health: 0/14       AC:  1    Str:  8    XL:     2   Next: 34%
Magic:  3/3        EV: 18    Int: 13    God:    Xom [..*...]
Gold:   0          SH:  0    Dex: 15    Spells: 1/1 levels left
                                        Lives:  0   Deaths: 0

rFire   . . .      SeeInvis +     - Unarmed
rCold   . . .      Faith    .   (shield unavailable)
rNeg    . . .      Spirit   .   (armour unavailable)
rPois   .          Reflect  .   (helmet unavailable)
rElec   .          Harm     .   (cloak unavailable)
rCorr   .          Rampage  .   (gloves unavailable)
Will    .....                   (boots unavailable)
Stlth   ++........              (no amulet)
HPRegen 0.04/turn               (no ring)
MPRegen 0.08/turn               (no ring)

@: quick
A: very small, claws 1, fangs 3, see invisible, speed 1, shaggy fur 1, stealthy
paws, no weapons or thrown items, no armour, multi-lived
a: Renounce Religion


You were on level 1 of the Dungeon.
You worshipped Xom.
You were a toy of Xom.
You visited 1 branch of the dungeon, and saw 1 of its levels.

You aren't carrying anything.


   Skills:
 - Level 3.0 Fighting
 + Level 3.6 Dodging
 + Level 1.6 Stealth
 + Level 3.2 Unarmed Combat


You had one spell level left.
You didn't know any spells.
Your spell library was empty.

Dungeon Overview and Level Annotations

Branches:
Dungeon (1/15)

Altars:

Shops:
D:1 !


Innate Abilities, Weirdness & Mutations

You have sharp claws.
You have razor-sharp teeth.
You have supernaturally acute eyesight. (SInv)
You cover ground quickly. (Speed+)
You are covered in fur. (AC +1)
Your paws help you pounce on unaware monsters.
You are incapable of wielding weapons or throwing items.
You cannot wear armour.
You gain extra lives every three experience levels.


Message History

The jackal is heavily wounded.
The jackal completely misses you.
The bat completely misses your butterfly.
The jackal misses you.
You scratch the jackal.
The jackal is severely wounded.
The bat misses your butterfly. The jackal completely misses you.
You miss the jackal.
The jackal is severely wounded.
The bat hits you.
* * * LOW HITPOINT WARNING * * *
The jackal misses you.
The bat completely misses your butterfly.
You scratch the jackal.
You kill the jackal!
The bat barely misses you. The bat misses your butterfly.
The bat closely misses your butterfly.
You scratch the hobgoblin.
The hobgoblin is heavily wounded.
The bat closely misses you. The bat misses your butterfly.
The hobgoblin completely misses you.
You completely miss the hobgoblin. You bite the hobgoblin.
You kill the hobgoblin!
The bat hits you.
* * * LOW HITPOINT WARNING * * *
The bat barely misses your butterfly.
Things that are here:
a +0 whip; a hobgoblin corpse; a rat corpse A bat is nearby!
Unknown command.
A bat is nearby!
You are too injured to fight recklessly!
A jackal comes into view.
The bat completely misses your butterfly.
The bat closely misses your butterfly. The bat hits you but does no damage.
You barely miss the bat. The bat misses you. x2
You barely miss the bat. The bat closely misses you. The jackal bites you.
You die... "This toy is broken."

#######.# #....#
.#....#.# ##....#
.#....#.#####.....#
.#................#
...รท....#####..#..#
.####.#...# #..#b.##
.##...#...# #..#b..#
.##.#.#...#
#.##.#)##
..........#
#.##@#..###...
....8.8...#
#.##h#........
#..8.8.8..#
#.##...h......
#...8_8..##
#.###.##..#
...8.8.8.# #.# ..#
.. ....8.8 #.# #.# #
##.... #.# .# ....
..# .# +## #.#


You could see a jackal and a bat.

Vanquished Creatures
  A bat (D:1)
  An endoplasm (D:1)
  3 hobgoblins (D:1)
  2 jackals (D:1)
  A kobold (D:1)
  A quokka (D:1)
  2 ball pythons (D:1)
  A frilled lizard (D:1)
  A rat (D:1)
13 creatures vanquished.

Notes
Turn   | Place    | Note
-------+----------+-------------------------------------------
     0 | D:1      | Descartes the Felid Chaos Knight began the quest for the
                  | Orb.
     0 | D:1      | Reached XP level 1. HP: 10/10 MP: 2/2
    15 | D:1      | Found Ofac Feyfe's Distillery.
    28 | D:1      | Found a faded altar of an unknown god.
    43 | D:1      | XOM: butterfly on damage
    46 | D:1      | Reached skill level 1 in Stealth
   133 | D:1      | XOM: silly message
   365 | D:1      | Reached XP level 2. HP: 12/14 MP: 3/3
   368 | D:1      | XOM: butterfly on damage
   388 | D:1      | Slain by a jackal

Illustrated notes

Levels and vault maps discovered:
D:1:      lightli_arrival_quake, layout_basic, serial_shops, nicolae_shop_trees,
          chequers_ecumenical_altar_simple_redux

Skill      XL: |  1 |
---------------+----+-----
Stealth        | 1 |  1.6
Fighting       | |  3.0
Dodging        | |  3.6
Unarmed Combat | |  3.2

Action                   || total
-------------------------++-------
Melee: Unarmed           ||    37
       Bite              ||     3
Armor: Skin              ||     3
Dodge: Dodged            ||    25
